 Dungeon Sprint DCSS version 0.28.0-43-g3370ac3207 (webtiles) character file.

Game seed: 5687528173325166626

1656 boopmooplesden the Fencer (level 8, -1/88 HPs)
             Began as a Minotaur Berserker on Mar 2, 2022.
             Was an Elder of Trog.
             Slain by a polar bear (2 damage)
             ... in the Dungeon (Sprint II: "The Violet Keep of Menkaure").
             The game lasted 00:02:22 (637 turns).

boopmooplesden the Fencer (Minotaur Berserker)       Turns: 637, Time: 00:02:23

Health: -1/88      AC:  9    Str: 24    XL:     8   Next: 68%
Magic:  7/7        EV: 13    Int:  4    God:    Trog [****..]
Gold:   270        SH:  0    Dex: 14    Spells: 7/7 levels left

rFire   . . .      SeeInvis .   a - +0 falchion
rCold   . . .      Faith    .   (no shield)
rNeg    . . .      Spirit   .   j - +1 scale mail "Iqaont" {Dex+4}
rPois   .          Reflect  .   (helmet restricted)
rElec   .          Harm     .   k - scarf {repulsion}
rCorr   .          Rampage  .   (no gloves)
Will    .....      NoTele   +   (no boots)
Stlth   +.........              (no amulet)
HPRegen 0.24/turn               (no ring)
MPRegen 0.10/turn               (no ring)

@: on berserk cooldown, slowed, repel missiles, very slow
A: horns 2, retaliatory headbutt
a: Renounce Religion, Berserk, Trog's Hand, Brothers in Arms


You were in the Dungeon.
You worshipped Trog.
Trog was greatly pleased with you.
You visited 1 branch You collected 729 gold pieces.
You spent 459 gold pieces at shops.

Inventory:

Hand Weapons
 a - a +0 falchion (weapon)
Armour
 b - a +0 animal skin
 j - the +1 scale mail "Iqaont" (worn) {Dex+4}
   (You bought it in a shop in the Dungeon)

   Dex:       It affects your dexterity (+4).
 k - a scarf of repulsion (worn)
Scrolls
 h - a scroll of blinking
Potions
 c - a potion of curing
 d - a potion of heal wounds
 e - a potion of haste
 f - 2 potions of magic
 g - a potion of berserk rage
 i - a potion of brilliance {unknown}


   Skills:
 + Level 13.7 Fighting
 + Level 15.7 Long Blades
 + Level 7.9 Armour
 + Level 7.4 Dodging
 + Level 1.9 Stealth


You had 7 spell levels left.
You didn't know any spells.
Your spell library was empty.

Dungeon Overview and Level Annotations

Branches:
Dungeon (1/1)

Altars:
Cheibriados
Dithmenos
Elyvilon
Fedhas
Gozag
Hepliaklqana
Kikubaaqudgha
Makhleb
Qazlal
Ru
Sif Muna
Trog
Wu Jian
Xom
Beogh
Jiyva
Lugonu

Shops:
D =:*[=!=?:[(!!==

Annotations:
D exclusion: oklob plant


Innate Abilities, Weirdness & Mutations

You have a pair of horns on your head.
You reflexively headbutt those who attack you in melee.


Message History

The polar bear closely misses you.
The polar bear claws you but does no damage.
The polar bear misses you.
You barely miss the polar bear.
The polar bear is severely wounded.
You barely miss the polar bear. You headbutt the polar bear!
You punch the polar bear, but do no damage.
The polar bear is almost dead.
The polar bear goes berserk!
You hit the polar bear.
You headbutt the polar bear, but do no damage.
You punch the polar bear, but do no damage.
The polar bear is almost dead.
The polar bear closely misses you. The polar bear claws you.
The polar bear claws you but does no damage.
The polar bear bites you but does no damage.
The polar bear claws you.
* * * LOW HITPOINT WARNING * * *
The polar bear barely misses you.
You hit the polar bear but do no damage.
The polar bear is almost dead.
The polar bear bites you.
* * * LOW HITPOINT WARNING * * *
The polar bear claws you.
* * * LOW HITPOINT WARNING * * *
The polar bear misses you.
You barely miss the polar bear.
The polar bear is almost dead.
The polar bear bites you.
* * * LOW HITPOINT WARNING * * *
The polar bear closely misses you.
The polar bear claws you but does no damage.
You barely miss the polar bear.
The polar bear is almost dead.
The polar bear closely misses you.
The polar bear claws you but does no damage.
The polar bear barely misses you. The polar bear bites you!
* * * LOW HITPOINT WARNING * * *
The polar bear claws you.
You die...

## .##.#### +.### #.#
...# ...#### .####..##
#..##.# ###.##..#
+..#..# ##...#..#
#..#h.#
.')#.'..####..##@# ?
##...#....###...##▓▓▓▓
###.##§.....≈≈≈≈≈≈≈≈≈≈≈
B ###≈≈.§.§§≈#+########
..#§≈≈≈§§§§.§#.._.....#
.##≈§≈§≈≈§§§≈#._._....#
##≈≈§≈≈§§§≈§≈#_._._...#
≈≈≈≈§≈≈≈≈§≈≈≈#._._._..#
+++#≈≈§§§§§≈≈#_._._._.#


You could see a polar bear (berserk).

Vanquished Creatures
  A merfolk siren (D)
  A yaktaur (D)
  A hornet (D)
  2 polar bears (D)
  2 wyverns (D)
  Menkaure (D)
  A hell rat (D)
  3 worms (D)
12 creatures vanquished.

Vanquished Creatures (others)
  A water moccasin (D)
1 creature vanquished.

Grand Total: 13 creatures vanquished

Notes
Turn   | Place    | Note
-------+----------+-------------------------------------------
     0 | D        | boopmooplesden the Minotaur Berserker began the quest for
                  | the Orb.
     0 | D        | Reached XP level 1. HP: 19/19 MP: 0/0
     1 | D        | Noticed a wyvern
     1 | D        | Noticed a wyvern
     4 | D        | Noticed a merfolk siren
    25 | D        | Killed a merfolk siren
    26 | D        | Reached skill level 10 in Fighting
    26 | D        | Reached skill level 11 in Long Blades
    26 | D        | Reached skill level 5 in Armour
    26 | D        | Reached skill level 5 in Dodging
    26 | D        | Reached XP level 2. HP: 25/38 MP: 1/1
    26 | D        | Reached XP level 3. HP: 29/45 MP: 2/2
    26 | D        | Reached XP level 4. HP: 33/51 MP: 3/3
    26 | D        | Reached XP level 5. HP: 38/58 MP: 4/4
    26 | D        | Reached XP level 6. HP: 43/66 MP: 5/5
   133 | D        | Noticed a boulder beetle
   133 | D        | Noticed a boulder beetle
   141 | D        | Reached ** piety under Trog
   170 | D        | Killed a wyvern
   171 | D        | Reached skill level 12 in Long Blades
   173 | D        | Killed a wyvern
   173 | D        | Reached *** piety under Trog
   174 | D        | Reached skill level 13 in Long Blades
   174 | D        | Reached XP level 7. HP: 75/75 MP: 6/6
   200 | D        | Found Diaj's Jewellery Shop.
   200 | D        | Found Edyafil's Distillery.
   200 | D        | Found Cuzexigg's Jewellery Boutique.
   201 | D        | Found Vipruodi's Antique Weapon Shop.
   201 | D        | Found Isos's Antique Armour Boutique.
   201 | D        | Found Usepauduo's Book Shop.
   201 | D        | Found Docyx's Magic Scroll Boutique.
   202 | D        | Found Kunooj's Distillery.
   202 | D        | Found Niummunt's Jewellery Boutique.
   202 | D        | Found Veloates's Distillery.
   202 | D        | Found Raorotyl's Jewellery Shop.
   202 | D        | Noticed Menkaure
   218 | D        | Killed Menkaure
   220 | D        | Found Edghoy's Antique Armour Boutique.
   220 | D        | Found Kietwae's General Store.
   220 | D        | Noticed an oklob plant
   221 | D        | Found Gotiegim's Book Shoppe.
   221 | D        | Found Ogepry's Jewellery Boutique.
   221 | D        | Noticed a redback
   222 | D        | Noticed a redback
   394 | D        | Noticed an iron elemental
   395 | D        | Bought a faintly humming scale mail for 243 gold pieces
   395 | D        | Identified the +1 scale mail "Iqaont" {Dex+4} (You bought
                  | it in a shop in the Dungeon)
   533 | D        | Bought an embroidered scarf for 216 gold pieces
   588 | D        | Found a stormy altar of Qazlal.
   588 | D        | Found an ornate altar of the Wu Jian Council.
   589 | D        | Found a hazy altar of Hepliaklqana.
   589 | D        | Found a sacrificial altar of Ru.
   589 | D        | Found a shimmering altar of Xom.
   590 | D        | Found a viscous altar of Jiyva.
   590 | D        | Found a shimmering blue altar of Sif Muna.
   591 | D        | Found a snail-covered altar of Cheibriados.
   591 | D        | Found an ancient bone altar of Kikubaaqudgha.
   591 | D        | Found a bloodstained altar of Trog.
   592 | D        | Found a shadowy altar of Dithmenos.
   592 | D        | Found a corrupted altar of Lugonu.
   593 | D        | Found a white marble altar of Elyvilon.
   593 | D        | Found a burning altar of Makhleb.
   594 | D        | Found a blossoming altar of Fedhas.
   595 | D        | Found an opulent altar of Gozag.
   595 | D        | Noticed a polar bear
   595 | D        | Noticed a polar bear
   596 | D        | Noticed a polar bear
   602 | D        | Noticed a yaktaur
   604 | D        | Killed a polar bear
   604 | D        | Reached **** piety under Trog
   605 | D        | Reached skill level 14 in Long Blades
   605 | D        | Reached skill level 1 in Stealth
   605 | D        | Noticed a hornet
   611 | D        | Killed a polar bear
   612 | D        | Reached XP level 8. HP: 85/85 MP: 7/7
   614 | D        | Killed a yaktaur
   615 | D        | Reached skill level 15 in Long Blades
   618 | D        | Killed a hornet
   637 | D        | HP: 1/88 [polar bear (17)]
   637 | D        | Slain by a polar bear

Illustrated notes

Levels and vault maps discovered:
D:        the_violet_keep_of_menkaure [sprint2_stairs_cluster_1,
          sprint2_shoproom, sprint2_temple, sprint2_basic_supplies,
          sprint2_obstacle_2, sprint2_obstacle_3, sprint2_obstacle_6,
          sprint2_obstacle_5, sprint2_obstacle_4, sprint2_timed_cluster_1,
          sprint2_smallroom_cluster_1, sprint2_smallroom_final_cluster_1,
          sprint2_transparent_cluster_1, sprint2_second_timed_cluster_1,
          sprint2_sniper_area_1, sprint2_heavy_combat_area_1,
          sprint2_mutation_trap_area_1, sprint2_forest_area_1,
          sprint2_light_combat_area_1, sprint2_behind_water_1,
          sprint2_near_end_vault_1]

Skill      XL: |  1  2  3  4  5  6  7  8 |
---------------+-------------------------+-----
Fighting       | 10 11 12 13 | 13.7
Long Blades    | 11 13 14 15 | 15.7
Armour         | 5 6 7 |  7.9
Dodging        | 5 6 7 |  7.4
Stealth        | 1 |  1.9

Action                   |  1- 3 |  4- 6 |  7- 9 || total
-------------------------+-------+-------+-------++-------
Melee: Falchion          |    17 |    16 |    57 ||    90
       Headbutt          |     1 |     1 |    11 ||    13
       Punch             |     1 |     1 |     3 ||     5
Invok: Berserk           |       |     1 |     1 ||     2
Armor: Scale mail        |       |       |    22 ||    22
Dodge: Dodged            |     2 |     5 |    35 ||    42
